 Dungeon Crawl Stone Soup version bcrawl-1.20 (webtiles) character file.

Game seed: 16637225327892245433

30 Freyura the Skirmisher (level 3, -1/29 HPs)
             Began as a Demonspawn Abyssal Knight on Jan 20, 2020.
             Was a Follower of Lugonu.
             Slain by an ice beast (3 damage)
             ... on level 2 of the Dungeon.
             The game lasted 00:01:58 (907 turns).

Freyura the Skirmisher (Demonspawn Abyssal Knight)   Turns: 907, Time: 00:01:59

Health: -1/29      AC:  5    Str: 12    XL:     3   Next: 3%
Magic:  5/5        EV: 10    Int: 13    God:    Lugonu [*.....]
Gold:   82         SH:  0    Dex: 13    Spells: 2/2 levels left

rFire    . . .     SeeInvis .   a - +1 mace
rCold    . . .     Gourm    .   (no shield)
rNeg     . . .     Faith    .   h - +0 ring mail
rPois    .         Spirit   .   (no helmet)
rElec    .         Reflect  .   (no cloak)
rCorr    .         Harm     .   (no gloves)
MR       .....                  (no boots)
Stlth    +.........             (no amulet)
HPRegen  0.09/turn              (no ring)
MPRegen  0.09/turn              (no ring)

@: no status effects
A: claws 1
a: Depart the Abyss, Bend Space, Renounce Religion


You were on level 2 of the Dungeon.
You worshipped Lugonu.
Lugonu was aware of your devotion.
You were not hungry.

You visited 1 branch of the dungeon, and saw 2 of its levels.
You visited the Abyss 1 time.

You collected 82 gold pieces.

Inventory:

Hand Weapons
 a - a +1 mace (weapon)
Missiles
 c - 463 stones (quivered)
Armour
 b - a +0 leather armour
 h - a +0 ring mail (worn)
 j - a +0 pair of boots
Scrolls
 f - 4 scrolls of fear {unknown}
 i - a scroll of magic mapping {unknown}
 k - a scroll of remove curse {unknown}
Potions
 d - 3 potions of flight {unknown}
 g - a potion of heal wounds {unknown}
Comestibles
 e - 2 rations {!d}


   Skills:
 + Level 3.2 Fighting
 * Level 2.3 Maces & Flails
 + Level 2.0 Armour
 + Level 1.3 Dodging
 + Level 3.1 Invocations


You had 2 spell levels left.
You didn't know any spells.
Your spell library was empty.

Dungeon Overview and Level Annotations

Branches:
Dungeon (2/12)

Altars:
Nemelex Xobeh


Innate Abilities, Weirdness & Mutations

You have sharp fingernails.


Message History

You are too injured to fight recklessly!
You are too injured to fight recklessly!
You are too injured to fight recklessly!
You are too injured to fight recklessly!
You are too injured to fight recklessly!
You are too injured to fight recklessly!
You are too injured to fight recklessly!
You are too injured to fight recklessly!
You are too injured to fight recklessly!
You hit the ice beast.
The ice beast is severely wounded.
The ice beast hits you but does no damage.
You closely miss the ice beast.
The ice beast is severely wounded.
The ice beast hits you. The ice beast freezes you!
* * * LOW HITPOINT WARNING * * *
You closely miss the ice beast.
The ice beast is severely wounded.
The ice beast closely misses you. The ice beast hits you.
You die...

##....#
##.....####.
##..........>
#....†.......
#...........
##.....#....
##Sr.## . ##Y##
#@# #.#
#.#####.#
########[......#
.........#######
########.# #.#
#####.# #.....#


You could see an ice beast, an adder and a rat.

Vanquished Creatures
  3 dart slugs (D:1)
  2 leopard geckos (D:1)
  2 goblins (D:1)
  A hobgoblin (D:1)
  2 kobolds (D:1)
  A ball python (D:1)
  5 bats (D:1)
  A frilled lizard (D:1)
  4 rats
21 creatures vanquished.

Notes
Turn   | Place    | Note
-------+----------+-------------------------------------------
     0 | Abyss:1  | Freyura the Demonspawn Abyssal Knight began the quest for
                  | the Orb.
     0 | Abyss:1  | Reached XP level 1. HP: 18/18 MP: 2/2
    14 | Abyss:1  | Found a corrupted altar of Lugonu.
    52 | Abyss:1  | Noticed a bone dragon
    53 | D:1      | Escaped the Abyss
   123 | D:1      | Reached skill level 1 in Dodging
   231 | D:1      | Gained mutation: You have sharp fingernails. [demonic
                  | ancestry]
   231 | D:1      | Reached XP level 2. HP: 24/24 MP: 4/4
   448 | D:1      | Reached * piety under Lugonu
   708 | D:1      | Reached XP level 3. HP: 28/29 MP: 5/5
   888 | D:2      | Noticed an ice beast
   889 | D:2      | Found a sparkling altar of Nemelex Xobeh.
   907 | D:2      | Slain by an ice beast

Skill      XL: |  1  2 |
---------------+-------+-----
Dodging        | 1 |  1.3
Maces & Flails | 2 |  2.3
Armour         | 2 |  2.0
Invocations    | 3 |  3.1
Fighting       | |  3.2

Action                   || total
-------------------------++-------
Melee: Mace              ||    77
Invok: Depart the Abyss  ||     1
Armor: Leather armour    ||    10
       Ring mail         ||    29
Dodge: Dodged            ||    58
